Workbook

Sheet Budgeting Tool
A1: Objective of this budget tool | D1: NEW Planning done at the beginning of the month (both income and expenses)
A2: 1. To keep an eye on the income from various sources and expenses -- MOM basis
A3: 2. To see the PFTM and AFTM, and differences | D3: NEW Provision to keep storage of the monthly Plan versus Actual status for a few years
A4: 3. Tracking on daily basis and the summation also daily basis
A5: 4. Totalling the daily data for each week and summation as on date
A6: 5. Linked to Goals
A7: MY ASSETZ | PERSONAL FINANCIAL BUDGET & CASH FLOW PLANNER
A8: Budget for the month of ____________________
A9: Income heads | B9: Plan | C9: Actual income | J9: Plan Minus Actual | L9: Annual Budget -- year ----------------
D10: Week 1 | E10: Week 2 | F10: Week 3 | G10: Week 4 | H10: Week 5 | I10: Month total | J10: Plan Minus Actual | L10: Cumulative Plan total | M10: Cumulative Actual total | N10: Plan Minus Actual
A11: Salary | I11: =SUM(D11:H11) -> 0 | J11: =B11-I11 -> 0 | N11: =L11-M11 -> 0
A12: Rental | I12: =SUM(D12:H12) -> 0 | J12: =B12-I12 -> 0 | N12: =L12-M12 -> 0
A13: Business | I13: =SUM(D13:H13) -> 0 | J13: =B13-I13 -> 0 | N13: =L13-M13 -> 0
A14: Capital gain | I14: =SUM(D14:H14) -> 0 | J14: =B14-I14 -> 0 | N14: =L14-M14 -> 0
A15: Others | I15: =SUM(D15:H15) -> 0 | J15: =B15-I15 -> 0 | N15: =L15-M15 -> 0
A16: Total | B16: =SUM(B11:B15) -> 0 | C16: =SUM(C11:C15) -> 0 | D16: =SUM(D11:D15) -> 0 | E16: =SUM(E11:E15) -> 0 | F16: =SUM(F11:F15) -> 0 | G16: =SUM(G11:G15) -> 0 | H16: =SUM(H11:H15) -> 0 | I16: =SUM(I11:I15) -> 0 | J16: =SUM(J11:J15) -> 0 | L16: =SUM(L11:L15) -> 0 | M16: =SUM(M11:M15) -> 0 | N16: =SUM(N11:N15) -> 0
A17: Expenses | L17: Annual Expenses
A18: Heads | B18: Sub heads | C18: Plan | D18: Week 1 | E18: Week 2 | F18: Week 3 | G18: Week 4 | H18: Week 5 | I18: Month total | J18: Savings / overspent | L18: Cumulative Plan total | M18: Cumulative Actual total | N18: Plan Minus Actual
A19: Housing | B19: Rent | I19: =SUM(D19:H19) -> 0 | J19: =C19-I19 -> 0 | N19: =L19-M19 -> 0
B20: Second mortgage or rent | I20: =SUM(D20:H20) -> 0 | J20: =C20-I20 -> 0 | N20: =L20-M20 -> 0
B21: Electricity | I21: =SUM(D21:H21) -> 0 | J21: =C21-I21 -> 0 | N21: =L21-M21 -> 0
B22: Gas | I22: =SUM(D22:H22) -> 0 | J22: =C22-I22 -> 0 | N22: =L22-M22 -> 0
B23: Water and sewer | I23: =SUM(D23:H23) -> 0 | J23: =C23-I23 -> 0 | N23: =L23-M23 -> 0
B24: House and Water | I24: =SUM(D24:H24) -> 0 | J24: =C24-I24 -> 0 | N24: =L24-M24 -> 0
B25: Waste removal | I25: =SUM(D25:H25) -> 0 | J25: =C25-I25 -> 0 | N25: =L25-M25 -> 0
B26: Maintenance or repairs | I26: =SUM(D26:H26) -> 0 | J26: =C26-I26 -> 0 | N26: =L26-M26 -> 0
B27: Servant / maid | I27: =SUM(D27:H27) -> 0 | J27: =C27-I27 -> 0 | N27: =L27-M27 -> 0
B28: Monthly maintenance | I28: =SUM(D28:H28) -> 0 | J28: =C28-I28 -> 0 | N28: =L28-M28 -> 0
B29: Gardening | I29: =SUM(D29:H29) -> 0 | J29: =C29-I29 -> 0 | N29: =L29-M29 -> 0
B30: Total | C30: =SUM(C19:C29) -> 0 | D30: =SUM(D19:D29) -> 0 | E30: =SUM(E19:E29) -> 0 | F30: =SUM(F19:F29) -> 0 | G30: =SUM(G19:G29) -> 0 | H30: =SUM(H19:H29) -> 0 | I30: =SUM(I19:I29) -> 0 | J30: =SUM(J19:J29) -> 0 | L30: =SUM(L19:L29) -> 0 | M30: =SUM(M19:M29) -> 0 | N30: =SUM(N19:N29) -> 0
A31: Food | B31: Groceries | I31: =SUM(D31:H31) -> 0 | J31: =C31-I31 -> 0 | N31: =L31-M31 -> 0
B32: Dining out | I32: =SUM(D32:H32) -> 0 | J32: =C32-I32 -> 0 | N32: =L32-M32 -> 0
B33: Vegetables / fruits | I33: =SUM(D33:H33) -> 0 | J33: =C33-I33 -> 0 | N33: =L33-M33 -> 0
B34: Snacks etc | I34: =SUM(D34:H34) -> 0 | J34: =C34-I34 -> 0 | N34: =L34-M34 -> 0
B35: Meat etc | I35: =SUM(D35:H35) -> 0 | J35: =C35-I35 -> 0 | N35: =L35-M35 -> 0
B36: Total | C36: =SUM(C31:C35) -> 0 | D36: =SUM(D31:D35) -> 0 | E36: =SUM(E31:E35) -> 0 | F36: =SUM(F31:F35) -> 0 | G36: =SUM(G31:G35) -> 0 | H36: =SUM(H31:H35) -> 0 | I36: =SUM(I31:I35) -> 0 | J36: =SUM(J31:J35) -> 0 | L36: =SUM(L31:L35) -> 0 | M36: =SUM(M31:M35) -> 0 | N36: =SUM(N31:N35) -> 0
A37: Children | B37: Medical | I37: =SUM(D37:H37) -> 0 | J37: =C37-I37 -> 0 | N37: =L37-M37 -> 0
B38: Clothing children related only | I38: =SUM(D38:H38) -> 0 | J38: =C38-I38 -> 0 | N38: =L38-M38 -> 0
B39: Evening tuition expenses | I39: =SUM(D39:H39) -> 0 | J39: =C39-I39 -> 0 | N39: =L39-M39 -> 0
B40: School tuition | I40: =SUM(D40:H40) -> 0 | J40: =C40-I40 -> 0 | N40: =L40-M40 -> 0
B41: Sports / arts / other expenses | I41: =SUM(D41:H41) -> 0 | J41: =C41-I41 -> 0 | N41: =L41-M41 -> 0
B42: Sports related travel, dress, others | I42: =SUM(D42:H42) -> 0 | J42: =C42-I42 -> 0 | N42: =L42-M42 -> 0
B43: Uniforms, books etc | I43: =SUM(D43:H43) -> 0 | J43: =C43-I43 -> 0 | N43: =L43-M43 -> 0
B44: Organization dues or fees | I44: =SUM(D44:H44) -> 0 | J44: =C44-I44 -> 0 | N44: =L44-M44 -> 0
B45: Lunch money | I45: =SUM(D45:H45) -> 0 | J45: =C45-I45 -> 0 | N45: =L45-M45 -> 0
B46: Child care | I46: =SUM(D46:H46) -> 0 | J46: =C46-I46 -> 0 | N46: =L46-M46 -> 0
B47: Toys / games | I47: =SUM(D47:H47) -> 0 | J47: =C47-I47 -> 0 | N47: =L47-M47 -> 0
B48: Creche expenses | I48: =SUM(D48:H48) -> 0 | J48: =C48-I48 -> 0 | N48: =L48-M48 -> 0
B49: Total | C49: =SUM(C37:C48) -> 0 | D49: =SUM(D37:D48) -> 0 | E49: =SUM(E37:E48) -> 0 | F49: =SUM(F37:F48) -> 0 | G49: =SUM(G37:G48) -> 0 | H49: =SUM(H37:H48) -> 0 | I49: =SUM(I37:I48) -> 0 | J49: =SUM(J37:J48) -> 0 | L49: =SUM(L37:L48) -> 0 | M49: =SUM(M37:M48) -> 0 | N49: =SUM(N37:N48) -> 0
A50: Communication | B50: Fixed Phone | I50: =SUM(D50:H50) -> 0 | J50: =C50-I50 -> 0 | N50: =L50-M50 -> 0
B51: Mobile | I51: =SUM(D51:H51) -> 0 | J51: =C51-I51 -> 0 | N51: =L51-M51 -> 0
B52: Mobile | I52: =SUM(D52:H52) -> 0 | J52: =C52-I52 -> 0 | N52: =L52-M52 -> 0
B53: Mobile | I53: =SUM(D53:H53) -> 0 | J53: =C53-I53 -> 0 | N53: =L53-M53 -> 0
B54: Net Connection | I54: =SUM(D54:H54) -> 0 | J54: =C54-I54 -> 0 | N54: =L54-M54 -> 0
B55: Broadband | I55: =SUM(D55:H55) -> 0 | J55: =C55-I55 -> 0 | N55: =L55-M55 -> 0
B56: Total | C56: =SUM(C50:C55) -> 0 | D56: =SUM(D50:D55) -> 0 | E56: =SUM(E50:E55) -> 0 | F56: =SUM(F50:F55) -> 0 | G56: =SUM(G50:G55) -> 0 | H56: =SUM(H50:H55) -> 0 | I56: =SUM(I50:I55) -> 0 | J56: =SUM(J50:J55) -> 0 | L56: =SUM(L50:L55) -> 0 | M56: =SUM(M50:M55) -> 0 | N56: =SUM(N50:N55) -> 0
A57: Transportation | B57: Bus / taxi fare | I57: =SUM(D57:H57) -> 0 | J57: =C57-I57 -> 0 | N57: =L57-M57 -> 0
B58: Licensing | I58: =SUM(D58:H58) -> 0 | J58: =C58-I58 -> 0 | N58: =L58-M58 -> 0
B59: Fuel - vehicle 1 | I59: =SUM(D59:H59) -> 0 | J59: =C59-I59 -> 0 | N59: =L59-M59 -> 0
B60: Fuel - vehicle 2 | I60: =SUM(D60:H60) -> 0 | J60: =C60-I60 -> 0 | N60: =L60-M60 -> 0
B61: Fuel - vehicle 3 | I61: =SUM(D61:H61) -> 0 | J61: =C61-I61 -> 0 | N61: =L61-M61 -> 0
B62: Maintenance Vehicle 1 | I62: =SUM(D62:H62) -> 0 | J62: =C62-I62 -> 0 | N62: =L62-M62 -> 0
B63: Maintenance Vehicle 2 | I63: =SUM(D63:H63) -> 0 | J63: =C63-I63 -> 0 | N63: =L63-M63 -> 0
B64: Maintenance Vehicle 3 | I64: =SUM(D64:H64) -> 0 | J64: =C64-I64 -> 0 | N64: =L64-M64 -> 0
B65: Total | C65: =SUM(C57:C64) -> 0 | D65: =SUM(D57:D64) -> 0 | E65: =SUM(E57:E64) -> 0 | F65: =SUM(F57:F64) -> 0 | G65: =SUM(G57:G64) -> 0 | H65: =SUM(H57:H64) -> 0 | I65: =SUM(I57:I64) -> 0 | J65: =SUM(J57:J64) -> 0 | L65: =SUM(L57:L64) -> 0 | M65: =SUM(M57:M64) -> 0 | N65: =SUM(N57:N64) -> 0
A66: Entertainment | B66: Video / DVD | I66: =SUM(D66:H66) -> 0 | J66: =C66-I66 -> 0 | N66: =L66-M66 -> 0
B67: Movies / Cable / DTH | I67: =SUM(D67:H67) -> 0 | J67: =C67-I67 -> 0 | N67: =L67-M67 -> 0
B68: Concerts | I68: =SUM(D68:H68) -> 0 | J68: =C68-I68 -> 0 | N68: =L68-M68 -> 0
B69: Sporting events | I69: =SUM(D69:H69) -> 0 | J69: =C69-I69 -> 0 | N69: =L69-M69 -> 0
B70: Live theater | I70: =SUM(D70:H70) -> 0 | J70: =C70-I70 -> 0 | N70: =L70-M70 -> 0
B71: Magazines / books | I71: =SUM(D71:H71) -> 0 | J71: =C71-I71 -> 0 | N71: =L71-M71 -> 0
B72: Newspaper | I72: =SUM(D72:H72) -> 0 | J72: =C72-I72 -> 0 | N72: =L72-M72 -> 0
B73: Any other | I73: =SUM(D73:H73) -> 0 | J73: =C73-I73 -> 0 | N73: =L73-M73 -> 0
B74: Total | C74: =SUM(C66:C73) -> 0 | D74: =SUM(D66:D73) -> 0 | E74: =SUM(E66:E73) -> 0 | F74: =SUM(F66:F73) -> 0 | G74: =SUM(G66:G73) -> 0 | H74: =SUM(H66:H73) -> 0 | I74: =SUM(I66:I73) -> 0 | J74: =SUM(J66:J73) -> 0 | L74: =SUM(L66:L73) -> 0 | M74: =SUM(M66:M73) -> 0 | N74: =SUM(N66:N73) -> 0
A75: Supports to dependents | B75: Monthly payment | I75: =SUM(D75:H75) -> 0 | J75: =C75-I75 -> 0 | N75: =L75-M75 -> 0
B76: Medical expense | I76: =SUM(D76:H76) -> 0 | J76: =C76-I76 -> 0 | N76: =L76-M76 -> 0
B77: Dress etc | I77: =SUM(D77:H77) -> 0 | J77: =C77-I77 -> 0 | N77: =L77-M77 -> 0
B78: Total | C78: =SUM(C75:C77) -> 0 | D78: =SUM(D75:D77) -> 0 | E78: =SUM(E75:E77) -> 0 | F78: =SUM(F75:F77) -> 0 | G78: =SUM(G75:G77) -> 0 | H78: =SUM(H75:H77) -> 0 | I78: =SUM(I75:I77) -> 0 | J78: =SUM(J75:J77) -> 0 | L78: =SUM(L75:L77) -> 0 | M78: =SUM(M75:M77) -> 0 | N78: =SUM(N75:N77) -> 0
A79: Personal Care | B79: Medical | I79: =SUM(D79:H79) -> 0 | J79: =C79-I79 -> 0 | N79: =L79-M79 -> 0
B80: Hair / nails | I80: =SUM(D80:H80) -> 0 | J80: =C80-I80 -> 0 | N80: =L80-M80 -> 0
B81: Dress / other related | I81: =SUM(D81:H81) -> 0 | J81: =C81-I81 -> 0 | N81: =L81-M81 -> 0
B82: Dry cleaning | I82: =SUM(D82:H82) -> 0 | J82: =C82-I82 -> 0 | N82: =L82-M82 -> 0
B83: Health club | I83: =SUM(D83:H83) -> 0 | J83: =C83-I83 -> 0 | N83: =L83-M83 -> 0
B84: Organization dues or fees | I84: =SUM(D84:H84) -> 0 | J84: =C84-I84 -> 0 | N84: =L84-M84 -> 0
B85: Personal habits related | I85: =SUM(D85:H85) -> 0 | J85: =C85-I85 -> 0 | N85: =L85-M85 -> 0
B86: Total | C86: =SUM(C79:C85) -> 0 | D86: =SUM(D79:D85) -> 0 | E86: =SUM(E79:E85) -> 0 | F86: =SUM(F79:F85) -> 0 | G86: =SUM(G79:G85) -> 0 | H86: =SUM(H79:H85) -> 0 | I86: =SUM(I79:I85) -> 0 | J86: =SUM(J79:J85) -> 0 | L86: =SUM(L79:L85) -> 0 | M86: =SUM(M79:M85) -> 0 | N86: =SUM(N79:N85) -> 0
A87: Replacement expenses | B87: AC | I87: =SUM(D87:H87) -> 0 | J87: =C87-I87 -> 0 | N87: =L87-M87 -> 0
B88: Washing machine | I88: =SUM(D88:H88) -> 0 | J88: =C88-I88 -> 0 | N88: =L88-M88 -> 0
B89: TV | I89: =SUM(D89:H89) -> 0 | J89: =C89-I89 -> 0 | N89: =L89-M89 -> 0
B90: Furniture | I90: =SUM(D90:H90) -> 0 | J90: =C90-I90 -> 0 | N90: =L90-M90 -> 0
B91: Oven | I91: =SUM(D91:H91) -> 0 | J91: =C91-I91 -> 0 | N91: =L91-M91 -> 0
B92: Kitchen appliances | I92: =SUM(D92:H92) -> 0 | J92: =C92-I92 -> 0 | N92: =L92-M92 -> 0
B93: Total | C93: =SUM(C87:C92) -> 0 | D93: =SUM(D87:D92) -> 0 | E93: =SUM(E87:E92) -> 0 | F93: =SUM(F87:F92) -> 0 | G93: =SUM(G87:G92) -> 0 | H93: =SUM(H87:H92) -> 0 | I93: =SUM(I87:I92) -> 0 | J93: =SUM(J87:J92) -> 0 | L93: =SUM(L87:L92) -> 0 | M93: =SUM(M87:M92) -> 0 | N93: =SUM(N87:N92) -> 0
A94: Taxes - all | B94: Income tax | I94: =SUM(D94:H94) -> 0 | J94: =C94-I94 -> 0 | N94: =L94-M94 -> 0
B95: House Tax 1 | I95: =SUM(D95:H95) -> 0 | J95: =C95-I95 -> 0 | N95: =L95-M95 -> 0
B96: House Tax 2 | I96: =SUM(D96:H96) -> 0 | J96: =C96-I96 -> 0 | N96: =L96-M96 -> 0
B97: House Tax 3 | I97: =SUM(D97:H97) -> 0 | J97: =C97-I97 -> 0 | N97: =L97-M97 -> 0
B98: Water Tax 1 | I98: =SUM(D98:H98) -> 0 | J98: =C98-I98 -> 0 | N98: =L98-M98 -> 0
B99: Water Tax 2 | I99: =SUM(D99:H99) -> 0 | J99: =C99-I99 -> 0 | N99: =L99-M99 -> 0
B100: Water Tax 3 | I100: =SUM(D100:H100) -> 0 | J100: =C100-I100 -> 0 | N100: =L100-M100 -> 0
...

Sheet Dashboard
A1: MY ASSETZ
A2: Monthly Financial Dashboard
A4: Total Income - Actual | B4: ='Budgeting Tool'!I16 -> 0
A5: Total Expenses - Actual | B5: ='Budgeting Tool'!I144 -> 0
A6: Net Cash Flow | B6: ='Budgeting Tool'!C146 -> 0
A9: Expense Category | B9: Actual
A10: Housing | B10: ='Budgeting Tool'!I30 -> 0
A11: Food | B11: ='Budgeting Tool'!I36 -> 0
A12: Children | B12: ='Budgeting Tool'!I49 -> 0
A13: Communication | B13: ='Budgeting Tool'!I56 -> 0
A14: Transportation | B14: ='Budgeting Tool'!I65 -> 0
A15: Entertainment | B15: ='Budgeting Tool'!I74 -> 0
A16: Supports to dependents | B16: ='Budgeting Tool'!I78 -> 0
A17: Personal Care | B17: ='Budgeting Tool'!I86 -> 0
A18: Replacement expenses | B18: ='Budgeting Tool'!I93 -> 0
A19: Taxes - all | B19: ='Budgeting Tool'!I102 -> 0
A20: Savings or Investments | B20: ='Budgeting Tool'!I112 -> 0
A21: Loans repayment | B21: ='Budgeting Tool'!I123 -> 0
A22: Insurance | B22: ='Budgeting Tool'!I129 -> 0
A23: Personal | B23: ='Budgeting Tool'!I135 -> 0
A24: Charity | B24: ='Budgeting Tool'!I139 -> 0
A25: Others | B25: ='Budgeting Tool'!I143 -> 0
